 Dungeon Crawl Stone Soup version 0.31-a0-1352-gc98d92d (webtiles) character file.

Game seed: 12730350488114880230

34470735 catclaw the Photosynthesist (level 27, 282/282 HPs)
             Began as an Oni Fighter on Dec 22, 2023.
             Was an Elder of Fedhas.
             Escaped with the Orb
             ... and 15 runes
             ... and 11 gems!
             The game lasted 04:44:53 (44078 turns).

catclaw the Photosynthesist (Oni Fighter)          Turns: 44078, Time: 04:44:54

Health: 282/282    AC: 45    Str: 35    XL:     27
Magic:  39/39      EV:  7    Int: 13    God:    Fedhas [****..]
Gold:   5135       SH: 35    Dex: 21    Spells: 22/38 levels left

rFire   + . .        a - +9 broad axe (flame)
rCold   + . .        c - +6 tower shield {AC+3}
rNeg    + . .        e - +12 gold dragon scales
rPois   +            X - +0 hat of Exclusion {Regen+ Dex+4}
rElec   .            h - +0 cloak {Will+}
rCorr   .            (gloves unavailable)
SInv    .            (boots unavailable)
Will    ++++.        t - amulet of regeneration Stlth
                     Z - ring "Vucyohel" {^Drain Fly rPois Will+ Dex+5}
HPRegen 2.27/turn    P - ring of the Hero {rN+ Dex+5}
MPRegen 0.26/turn

%: no passive effects
@: flying, studying Fire Magic
A: large, unfitting armour, horns 2, tough skin 1, double potion healing,
drunken brawling, claws 1, iridescent scales 1, large bone plates 2, clever 1,
frail 1, poison resistance, weak 1
0: Orb of Zot
}: 15/15 runes: serpentine, barnacled, slimy, silver, golden, iron, obsidian,
icy, bone, abyssal, demonic, glowing, magical, fiery, dark
a: Renounce Religion, Wall of Briars, Grow Ballistomycete, Overgrow


You escaped.
You worshipped Fedhas.
Fedhas was greatly pleased with you.
You visited 18 branches of the dungeon, and saw 88 of its levels.
You visited Pandemonium 1 time, and saw 28 of its levels.
You visited the Abyss 1 time.
You visited 1 bazaar.
You also visited: Trove, Bailey, Gauntlet, Ice Cave and Wizlab.

You collected 8800 gold pieces.
You spent 3665 gold pieces at shops.

Inventory:

Hand Weapons
 a - a +9 broad axe of flaming (weapon)
Missiles
 m - 16 silver javelins
 q - 94 large rocks
 y - 9 javelins
 N - 41 boomerangs
 U - 15 curare-tipped darts
 Y - 2 throwing nets (quivered)
Armour
 c - a +6 tower shield of protection (worn)
 e - +12 gold dragon scales (worn)
 h - a +0 cloak of willpower (worn)
 X - the +0 hat of Exclusion (worn) {Regen+ Dex+4}
   (Okawaru gifted it to you on level 2 of the Orcish Mines)

   Dex+4:     It affects your dexterity (+4).
   Regen+:    It increases your rate of health regeneration.
Jewellery
 f - the ring of the Hammering Queen {rCorr EV+5}
   (You found it in Pandemonium)

   [ring of evasion]

   EV+5:      It affects your evasion (+5).
   rCorr:     It protects you from acid and corrosion.
 l - the ring "Hero's Friend" {rF+ Str+3 Dex+4 Slay+3}
   (You found it on level 7 of Gehenna)

   [ring of protection from fire]

   Str+3:     It affects your strength (+3).
   Dex+4:     It affects your dexterity (+4).
   Slay+3:    It affects your accuracy & damage with ranged weapons and melee
   (+3).
   rF+:       It protects you from fire.
 t - an amulet of regeneration (around neck)
 F - the ring "Unain" {rC+ Will+}
   (You took it off a vault warden on level 5 of the Vaults)

   [ring of willpower]

   rC+:       It protects you from cold.
   Will+:     It increases your willpower.
 G - the ring of Lies {rF+ rC+ Int+3 Stlth+}
   (You found it on level 3 of the Tomb of the Ancients)

   [ring of protection from cold]

   Int+3:     It affects your intelligence (+3).
   rF+:       It protects you from fire.
   rC+:       It protects you from cold.
   Stlth+:    It makes you more stealthy.
 P - the ring of the Hero (right claw) {rN+ Dex+5}
   (You found it on level 7 of Gehenna)

   [ring of positive energy]

   Dex+5:     It affects your dexterity (+5).
   rN+:       It protects you from negative energy.
 Z - the ring "Vucyohel" (left claw) {^Drain Fly rPois Will+ Dex+5}
   (You found it in a Gauntlet)

   [ring of willpower]

   Dex+5:     It affects your dexterity (+5).
   rPois:     It protects you from poison Will+: It increases your willpower.
   Fly:       It grants you flight.
   ^Drain:    It drains your maximum health when unequipped.
Wands
 v - a wand of roots (57)
 K - a wand of polymorph (21)
 M - a wand of charming (58)
 O - a wand of acid (57)
 W - a wand of digging (7)
Scrolls
 b - 8 scrolls of butterflies
 i - 2 scrolls of fog
 j - a scroll of teleportation {!r}
 o - a scroll of enchant weapon
 p - 4 scrolls of immolation
 u - 2 scrolls of vulnerability
 A - a scroll of blinking {!r}
 H - 9 scrolls of fear
 L - 3 scrolls of silence
Potions
 d - 2 potions of might
 g - 4 potions of haste
 k - a potion of ambrosia
 n - 2 potions of resistance
 r - 13 potions of curing
 s - 5 potions of berserk rage
 w - 7 potions of cancellation
 x - 15 potions of enlightenment
 z - 2 potions of attraction
 B - 5 potions of invisibility
 C - 14 potions of heal wounds
 D - 7 potions of mutation {!q}
 E - 4 potions of magic
 Q - 8 potions of lignification
Miscellaneous
 I - a phial of floods
 J - a sack of spiders
 V - a phantom mirror


   Skills:
 - Level 25.0 Fighting
 + Level 24.9 Axes
 + Level 24.9 Throwing
 + Level 24.8 Armour
 - Level 2.6 Dodging
 + Level 20.4 Shields
 - Level 6.0 Spellcasting
 - Level 9.0 Necromancy
 - Level 11.0 Translocations
 - Level 10.0 Fire Magic
 - Level 11.0 Air Magic
 - Level 6.0 Earth Magic
 - Level 5.0 Alchemy
 + Level 25.6 Invocations
 - Level 12.0 Evocations


You had 22 spell levels left.
You knew the following spells:

 Your Spells              Type           Power      Damage    Failure   Level
a - Sandblast             Erth           38%        2d10      10%         1
b - Fugue of the Fallen   Necr           27%        N/A       9%          3
d - Vhi's Electric Charg  Tloc/Air       64%        N/A       13%         4
l - Volatile Blastmotes   Fire/Tloc      62%        2d15      4%          3
m - Lesser Beckoning      Tloc           64%        N/A       1%          2
r - Passwall              Alch/Erth      15%        N/A       19%         2
z - Apportation           Tloc           64%        N/A       1%          1

Your spell library contained the following spells:

 Spells                   Type           Power      Damage    Failure   Level
 Scorch                   Fire           58%        2d7       3%          2
 Gell's Gravitas          Tloc           32%        N/A       3%          3
 Swiftness                Air            32%        N/A       3%          3
 Teleport Other           Tloc           32%        N/A       3%          3
 Sublimation of Blood     Necr           27%        N/A       4%          2
 Mercury Vapours          Alch/Air       48%        N/A       7%          2
 Vampiric Draining        Necr           27%        2d7       9%          3
 Manifold Assault         Tloc           32%        N/A       13%         4
 Passage of Golubria      Tloc           32%        N/A       13%         4
 Foxfire                  Conj/Fire      64%        2x1d7     16%         1
 Kiss of Death            Conj/Necr      60%        2d10      19%         1
 Static Discharge         Conj/Air       36%        3-5/arc   19%         2
 Dispel Undead            Necr           27%        3d13      28%         4
 Sting                    Conj/Alch      40%        1d5       38%         1
 Mephitic Cloud           Conj/Alch/Air  17%        N/A       38%         3
 Inner Flame              Hex/Fire       16%        N/A       41%         3
 Ignite Poison            Fire/Alch      23%        N/A       47%         4
 Sticky Flame             Fire/Alch      23%        2d6       47%         4
 Agony                    Necr           27%        N/A       63%         5
 Stone Arrow              Conj/Erth      22%        3d8       71%         3
 Magic Dart               Conj           12%        1d3       75%         1
 Slow                     Hex            12%        N/A       75%         1
 Summon Small Mammal      Summ           12%        N/A       75%         1
 Dimensional Bullseye     Hex/Tloc       9%         N/A       77%         4
 Iskenderun's Mystic Bla  Conj/Tloc      18%        2d6       77%         4
 Leda's Liquefaction      Alch/Erth      9%         N/A       77%         4
 Petrify                  Alch/Erth      18%        N/A       77%         4
 Flame Wave               Conj/Fire      16%        2d7       83%         4
 Olgreb's Toxic Radiance  Alch           16%        N/A       83%         4
 Call Imp                 Summ           6%         N/A       87%         2
 Ensorcelled Hibernation  Hex/Ice        6%         N/A       87%         2
 Jinxbite                 Hex            6%         N/A       87%         2
 Searing Ray              Conj           6%         2d4       87%         2
 Anguish                  Hex/Necr       7%         N/A       88%         4
 Plasma Beam              Fire/Air       15%        2x1d27    94%         6
 Lee's Rapid Deconstruct  Erth           9%         3d7*      95%         5
 Call Canine Familiar     Summ           3%         N/A       98%         3
 Confusing Touch          Hex            3%         N/A       98%         3
 Dazzling Flash           Conj/Hex       6%         N/A       98%         3
 Frozen Ramparts          Ice            6%         1d1       98%         3
 Ozocubu's Armour         Ice            3%         N/A       98%         3
 Sigil of Binding         Hex            3%         N/A       98%         3
 Tukima's Dance           Hex            3%         N/A       98%         3
 Brom's Barrelling Bould  Conj/Erth      11%        2d3       98%         4
 Arcjolt                  Conj/Air       9%         1d19      98%         5
 Silence                  Hex/Air        9%         N/A       98%         5
 Summon Forest            Summ/Tloc      9%         N/A       98%         5
 Fulminant Prism          Conj/Alch      5%         3d7       99%         4
 Alistair's Intoxication  Alch           10%        N/A       99%         5
 Summon Ice Beast         Ice/Summ       3%         N/A       100%        4
 Irradiate                Conj/Alch      5%         3d13      100%        5
 Iskenderun's Battlesphe  Conj           3%         2d6       100%        5
 Metabolic Englaciation   Hex/Ice        1%         N/A       100%        5
 Summon Mana Viper        Hex/Summ       3%         N/A       100%        5
 Yara's Violent Unravell  Hex/Alch       5%         3d4       100%        5
 Bombard                  Conj/Erth      5%         9d2       100%        6
 Conjure Ball Lightning   Conj/Air       9%         3x3d6     100%        6
 Eringya's Noxious Bog    Alch           8%         4d6       100%        6
 Starburst                Conj/Fire      8%         6d4       100%        6
 Summon Cactus Giant      Summ           1%         N/A       100%        6
 Haunt                    Necr/Summ      7%         N/A       100%        7
 Monstrous Menagerie      Summ           1%         N/A       100%        7
 Spellforged Servitor     Conj/Summ      1%         N/A       100%        7
 Summon Hydra             Summ           1%         N/A       100%        7
 Borgnjor's Revivificati  Necr           13%        N/A       100%        8
 Discord                  Hex            1%         N/A       100%        8
 Disjunction              Tloc           16%        N/A       100%        8
 Ignition                 Fire           14%        3d6       100%        8
 Lehudib's Crystal Spear  Conj/Erth      5%         10d3      100%        8
 Maxwell's Capacitive Co  Air            16%        ∞         100%        8
 Chain Lightning          Conj/Air       9%         3d12      100%        9
 Death's Door             Necr           13%        N/A       100%        9
 Fire Storm               Conj/Fire      8%         8d2       100%        9
 Shatter                  Erth           9%         3d11*     100%        9


Dungeon Overview and Level Annotations

Branches:
Dungeon (15/15)            Temple (1/1) D:7            Lair (5/5) D:8
 Shoals (4/4) Lair:2        Snake (4/4) Lair:3        Slime (5/5) Lair:5
    Orc (2/2) D:12            Elf (3/3) Orc:2        Vaults (5/5) D:14
  Crypt (3/3) Vaults:2       Tomb (3/3) Crypt:3      Depths (4/4) D:15
   Hell (visited)             Dis (7/7) Hell            Geh (7/7) Hell
    Coc (7/7) Hell            Tar (7/7) Hell            Zot (5/5) Depths:4
 Bailey (visited)           IceCv (visited)          WizLab (visited)
Gauntlet (visited)

Altars:
Ashenzari
Cheibriados
Dithmenos
Elyvilon
Fedhas
Gozag
Hepliaklqana
Kikubaaqudgha
Makhleb
Nemelex Xobeh
Okawaru
Qazlal
Ru
Sif Muna
Trog
Uskayaw
Vehumet
Wu Jian
Xom
Yredelemnul
Zin
The Shining One
Jiyva

Shops:
D:11 :   Orc:2 *:*?   Elf:1 *   Elf:2 =   Elf:3 =**   Snake:1 *   Snake:2 :**
Vaults:2 [   Depths:3 *

Portals:
Hell: Lair:5 Depths:4
Abyss: Depths:3
Pandemonium: Depths:4
Ziggurat: Depths:2

Annotations:
D:4 Eustachio
D:9 Erica
D:11 1 runed translucent door
Geh:2 1 exclusion
Geh:7 1 exclusion


Innate Abilities, Weirdness & Mutations

You are too large for most types of armour.
You have a pair of horns on your head.
You have tough skin. (AC +1)
You gain doubled healing and magic from potions.
Whenever you drink a healing potion, you attack all around you.
You have sharp fingernails.
You are partially covered in iridescent scales. (AC +2)
You are mostly covered in large bone plates. (SH +6)
Your mind is acute. (Int +4, Str/Dex -1)
You are frail. (-10% HP)
Your system is resistant to poisons. (rPois)
You are weak. (Str -2)


Message History

There is a stone staircase leading up here.
You fly upwards.
There is a stone staircase leading down here.
There is a stone staircase leading up here.
You fly upwards.
There is a stone staircase leading down here.
Items here: ( ) ÷÷.
Blink to where?
Press: ? - help, Dir - move target
As you read the scroll of blinking {!r}, it crumbles to dust.
Blink to where?
Press: ? - help, Dir - move target
As you read the scroll of blinking {!r}, it crumbles to dust.
Aiming: Dig
Press: ? - help, Shift-Dir - straight line A rock wall.
The rock shatters into small pieces.
Unknown command.
Blink to where?
Press: ? - help, Dir - move target
As you read the scroll of blinking {!r}, it crumbles to dust.
Blink to where?
Press: ? - help, Dir - move target
As you read the scroll of blinking {!r}, it crumbles to dust.
Blink to where?
Press: ? - help, Dir - move target
Okay, then.
Unknown command.
Okay, then.
Okay, then.
Okay, then.
Welcome back, catclaw the Oni Fighter.
Fedhas says: Spread life and death.
Press ? for a list of commands and other information.
There is a staircase leading out of the dungeon here.
Okay, then.
Unknown command.
Okay, then.
Okay, then.
You have escaped!

#.###.# # #.....# #.###.###.##
#........... ####..###.## ###
#######........## ...
≈≈≈...'..#..#....
##..#####..##.###.#.### ..#
#..♣♣P@P♣♣..##.#.##.# #.#
#..♣♣.♣♣.§...#.###.### #.#
♣.........♣#....§..... #.#
♣.♣.~~~.♣.♣#.#.#...### #.#
♣..≈≈8≈~..♣#.......... #.#
♣.♣.~~≈.♣.♣##.........
##.###♣.........♣#......##..
######....##..♣♣.♣♣..###....###..
#.........#..♣♣P>P♣♣..#...#.# #.#


There were no monsters in sight!

Vanquished Creatures
  Cerebov (Pan)
  the Royal Jelly (Slime:5)
  Antaeus (Coc:7)
  Ereshkigal (Tar:7)
  Gloorx Vloq (Pan)
  Lom Lobon (Pan)
  A seraph (Pan)
  Mnoleg (Pan)
  6 dread liches
  Dispater (Dis:7)
  7 pandemonium lords (Pan)
  4 ancient liches
  4 orbs of fire (Zot:5)
  A juggernaut (Dis:7)
  Xtahua (Vaults:2)
  15 royal mummies
  5 shard shrikes (Coc:7)
  Boris (Tomb:1)
  7 Killer Klowns (Zot:5)
  Geryon (Hell)
  9 caustic shrikes
  5 profane servitors
  11 golden dragons
  9 bone dragons
  4 doom hounds
  5 iron giants
  11 tentacled monstrosities
  4 electric golems
  12 Brimstone Fiends
  16 hellephants
  9 Tzitzimimeh
  29 Hell Sentinels
  6 tainted leviathans
  21 Ice Fiends
  25 Orb Guardians
  5 deep elf blademasters
  17 acid blobs
  7 deep elf master archers
  10 liches
  14 titans
  A quicksilver dragon (Vaults:5)
  10 searing wretches
  3 walking frostbound tomes (Pan)
  19 Executioners (Pan)
  19 ancient champions
  Frances (Snake:2)
  9 sphinxes
  Murray (Hell)
  3 tentacled starspawn (Abyss:3)
  2 death cobs
  Polyphemus (Shoals:4)
  4 revenants
  14 shadow dragons
  5 storm dragons
  9 tengu reavers
  5 nagarajas
  3 daevas (Pan)
  3 protean progenitors
  17 frost giants
  30 fire giants
  3 narguns
  12 azure jellies
  Donald (Shoals:4)
  11 rockslimes
  6 deep elf sorcerers
  15 quicksilver elementals
  10 vault wardens
  2 ghost moths (Zot:5)
  8 iron dragons
  A juggernaut zombie (Hell)
  2 demonspawn warmongers (Pan)
  A caustic shrike zombie (Tomb:3)
  3 spectral caustic shrikes
  6 shard shrike simulacra
  26 balrugs
  3 curse skulls
  5 angels (Pan)
  15 reapers
  4 demonspawn corrupters (Pan)
  16 cacodemons (Pan)
  2 spectral juggernauts
  A deep elf elementalist (Elf:3)
  A spriggan defender (Depths:3)
  5 apis (Pan)
  2 draconian annihilators
  9 ghouls
  7 quicksilver oozes (Slime:5)
  12 demonspawn blood saints (Pan)
  4 vampire knights (Crypt:1)
  13 very ugly things
  11 ironbound preservers
  3 formless jellyfish
  25 stone giants
  15 ophanim (Pan)
  7 green draconians
  5 ironbound thunderhulks
  16 war gargoyles
  2 black draconians
  8 deep elf death magi
  4 deep elf demonologists (Elf:3)
  13 putrid mouths
  12 demonspawn black suns (Pan)
  2 caustic shrike skeletons (Crypt:3)
  10 deep elf annihilators
  18 elemental wellsprings
  15 lorocyprocas
  7 purple draconians
  6 red draconians
  The ghost of Mafah the Grappler, a journeyman TrSh of Dithmenos (Lair:3)
  16 bennus
  9 wendigos
  8 dire elephants
  6 white draconians
  A bunyip (Shoals:4)
  A minotaur (Gauntlet)
  4 yellow draconians
  19 blizzard demons
  8 eidola
  24 mummy priests
  5 fire dragons
  Josephine (D:12)
  23 iron golems
  11 green deaths
  5 deep elf high priests
  3 jiangshi
  3 spectral spriggans
  8 merfolk impalers
  An entropy weaver (Vaults:5)
  A spectral golden dragon (Tar:4)
  3 spriggan zombies
  The ghost of wqsa789 the Martial Artist, a journeyman DsFi of Gozag (D:11)
  4 ettins
  Fannar (D:12)
  7 merfolk javelineers
  A fenstrider witch zombie (Crypt:2)
  15 yaktaur captains
  Harold (Orc:1)
  8 salamander tyrants
  14 hell beasts
  5 great orbs of eyes
  2 spriggan air magi (Depths:4)
  7 ice dragons
  7 hydras
  4 rakshasas (Pan)
  30 vault guards
  8 ogre magi
  5 spriggan skeletons
  2 merfolk avatars
  A spectral stone giant (Tar:2)
  7 juggernaut simulacra
  8 ironbound frosthearts
  A catoblepas (Arena)
  7 caustic shrike simulacra
  5 merfolk aquamancers
  3 alligator snapping turtles (Shoals:4)
  4 death knights
  2 fenstrider witch skeletons
  49 death scarabs
  14 anacondas
  A satyr (Shoals:4)
  11 demonic crawlers
  5 boulder beetles
  5 centaur warriors
  3 deep troll earth magi
  3 deep troll shamans
  The ghost of sol123 the Skirmisher, a novice MiHu of Hepliaklqana (D:9)
  4 stokers
  14 naga warriors
  24 two-headed ogres
  4 death yaks (Shoals:4)
  3 tengu warriors
  3 orc high priests
  A titan zombie (Crypt:2)
  15 hell hogs
  An occultist (Pan)
  5 vampire magi
  A bennu skeleton (Crypt:1)
  26 dancing weapons
  17 naga sharpshooters
  2 storm dragon zombies
  3 spectral dire elephants
  62 sun demons
  3 shock serpents
  5 hell knights
  11 crystal echidnas
  6 iron trolls
  28 deep elf knights
  4 wretched stars
  18 soul eaters
  A storm dragon skeleton (Depths:3)
  A spectral bunyip (Tar:1)
  11 shadow wraiths
  4 salamander mystics
  2 titan skeletons (Crypt:3)
  19 sixfirhies
  A bunyip zombie (Tomb:3)
  11 sea snakes
  6 glowing orange brains
  44 skeletal warriors
  5 skysharks
  A spatial maelstrom (Abyss:3)
  2 quicksilver dragon simulacra
  An anaconda zombie (Tomb:1)
  3 bog bodies (Crypt:1)
  26 deep trolls
  14 naga ritualists
  A spectral hydra (Tar:2)
  11 cherubim (Pan)
  9 shadow demons
  A swamp dragon (Shoals:3)
  3 lindwurms
  Pikel (D:3)
  18 deep elf archers
  12 ironbound convokers
  5 spriggan simulacra
  6 harpies
  A bunyip skeleton (Crypt:3)
  A spectral iron dragon (Tar:1)
  4 flayed ghosts
  27 deep elf zephyrmancers
  2 arcanists
  30 deep elf pyromancers
  3 shining eyes
  A steelbarb worm (shapeshifter) (Elf:3)
  11 necromancers
  12 phantasmal warriors
  3 orc knights
  28 large abominations
  9 mana vipers
  2 spectral ettins
  3 orc sorcerers
  2 cyclopes
  A will-o-the-wisp (Abyss:3)
  2 naga zombies
  15 moths of wrath
  17 salamanders
  3 fauns (Shoals:3)
  Maurice (Orc:1)
  A centaur zombie (Crypt:2)
  An alligator skeleton (Crypt:1)
  18 ugly things
  2 alligator snapping turtle zombies
  44 black mambas
  19 manticores
  A stone giant skeleton (Crypt:2)
  9 guardian serpents
  A salamander (shapeshifter) (Elf:1)
  A draconian skeleton (Pan)
  23 naga magi
  5 elephants
  A black mamba (shapeshifter) (Elf:3)
  9 merfolk sirens
  7 ice statues
  15 vault sentinels
  3 torpor snails
  3 gargoyles
  28 orange demons
  10 rust devils
  18 cane toads
  5 titan simulacra
  5 eyes of devastation
  21 smoke demons
  2 naga skeletons
  5 water nymphs
  3 rime drakes (Lair:5)
  A komodo dragon (shapeshifter) (Vaults:5)
  11 freezing wraiths
  Maggie (D:6)
  2 efreet (Pan)
  2 bunyip simulacra (Coc:1)
  30 yaktaurs
  18 hellions
  Jeremiah (D:6)
  18 ice devils
  3 unseen horrors
  10 komodo dragons
  A yaktaur (shapeshifter) (D:11)
  2 ancient zymes (Abyss:3)
  A spectral naga (Tar:4)
  7 anaconda simulacra
  2 white draconian skeletons
  A golden dragon simulacrum (Coc:7)
  7 red devils
  47 guardian mummies
  A tengu conjurer (D:11)
  5 polar bears
  23 tormentors
  An iron giant simulacrum (Coc:6)
  A meliai (shapeshifter) (Elf:2)
  A harpy zombie (Crypt:3)
  4 meliai
  A spectral demonspawn (Tar:1)
  A queen bee (Gauntlet)
  Prince Ribbit (D:5)
  33 merfolk
  4 trolls
  6 wind drakes
  A silent spectre (Tar:6)
  A tyrant leech (Snake:1)
  14 hellwings
  2 iron dragon simulacra
  2 hornets
  2 harpy skeletons
  2 raiju (Abyss:3)
  A hydra skeleton (Crypt:3)
  A glass eye (Pan)
  7 snapping turtles
  A dream sheep (shapeshifter) (Snake:4)
  A death drake skeleton (Crypt:1)
  5 dream sheep
  A frost giant simulacrum (Depths:3)
  A stone giant simulacrum (Coc:3)
  13 blink frogs
  18 water elementals
  57 slime creatures
  5 air elementals
  A spriggan (shapeshifter) (D:14)
  17 ynoxinuls (Pan)
  29 flying skulls
  A guardian serpent skeleton (Crypt:2)
  A centaur simulacrum (Crypt:3)
  A vampire (D:11)
  3 shadows
  16 ushabtiu
  9 wraiths
  A fire elemental (Elf:2)
  2 fire bats (Pan)
  4 wyverns
  6 dire elephant simulacra
  A human (D:12)
  6 wargs
  19 golden eyes
  6 basilisks
  21 neqoxecs
  5 redbacks
  Menkaure (D:5)
  A steam dragon (D:7)
  45 yaks
  A wind drake skeleton (Crypt:1)
  7 vampire mosquitoes
  8 chaos spawn (Pan)
  2 small abominations (Abyss:3)
  A swamp worm (Shoals:4)
  Edmund (D:6)
  A fire bat zombie (Crypt:2)
  An acid dragon (D:12)
  12 harpy simulacra
  37 nagas
  A hydra simulacrum (IceCv)
  A two-headed ogre skeleton (Crypt:1)
  A glowing shapeshifter skeleton (Depths:3)
  4 hell hounds
  A demonspawn skeleton (Crypt:3)
  An ice beast (D:7)
  18 orc warriors
  16 water moccasins
  A deep troll skeleton (Crypt:2)
  3 sky beasts
  4 black bears
  6 ettin simulacra
  34 ogres
  15 centaurs
  A crocodile (shapeshifter) (D:9)
  An elephant skeleton (Crypt:2)
  10 starcursed masses (Abyss:3)
  4 wolves (Lair:3)
  5 phantoms
  2 lemures (D:3)
  3 kobold brigands
  15 bullfrogs
  8 scorpions
  An earth elemental (Elf:2)
  A wyvern zombie (Crypt:3)
  5 necrophages (Crypt:1)
  2 two-headed ogre simulacra (IceCv)
  8 wights
  3 elephant simulacra (IceCv)
  21 killer bees
  11 electric eels
  A howler monkey (D:8)
  A wolf skeleton (Crypt:2)
  16 orc priests
  3 hounds
  3 jellies
  2 iguanas
  Ijyb (D:5)
  Terence (D:2)
  17 orc wizards
  2 sleepcaps (D:6)
  Natasha (thrice) (D:3)
  2 hell rats (Hell)
  2 wolf simulacra (IceCv)
  A boggart skeleton (Crypt:3)
  A polar bear simulacrum (IceCv)
  A tengu skeleton (Crypt:2)
  30 mummies
  10 gnolls (Bailey)
  11 adders
  8 naga simulacra
  5 shadow imps
  3 white imps
  4 ufetubi (IceCv)
  2 worms
  A dart slug (D:2)
  73 orcs
  6 ball pythons
  6 bats
  A bat skeleton (Crypt:1)
  4 endoplasms
  5 giant cockroaches
  6 goblins
  5 hobgoblins
  3 jackals
  7 quokkas
  4 frilled lizards
  19 kobolds
  7 rats
  A river rat skeleton (Crypt:3)
  An aspiring flesh (Zot:1)
  6 ball lightnings (Pan)
  5 creeping infernos
  3 fire vortices
  2 starspawn tentacles (Abyss:3)
3315 creatures vanquished.

Vanquished Creatures (collateral kills)
  Asmodeus (Geh:7)
  the Serpent of Hell (Coc:7)
  A dread lich (Dis:4)
  A pandemonium lord (Pan)
  2 juggernauts (Depths:4)
  8 caustic shrikes
  8 iron giants
  A doom hound (Tar:3)
  3 bone dragons
  2 Brimstone Fiends (Geh:7)
  3 Tzitzimimeh (Tar:7)
  2 tentacled monstrosities
  6 Hell Sentinels
  3 hellephants
  A walking crystal tome (Depths:3)
  An Ice Fiend (Coc:7)
  2 titans
  2 tainted leviathans
  A deep elf blademaster (Hell)
  2 searing wretches (Geh:7)
  4 ancient champions
  An eldritch tentacle (Pan)
  5 daevas (Pan)
  3 fire giants
  An iron dragon (Dis:4)
  A quicksilver elemental (Dis:4)
  2 draconian scorchers (Depths:4)
  2 spectral caustic shrikes
  A cacodemon (Pan)
  A spriggan defender (Depths:3)
  A war gargoyle (Dis:3)
  A green draconian (Depths:4)
  2 apis (Pan)
  A spectral titan (Tar:2)
  6 iron golems
  A fire dragon (Depths:4)
  2 spectral spriggans
  5 crystal echidnas
  4 shadow wraiths (Tar:6)
  A sun demon (Pan)
  A deep elf archer (Depths:3)
  3 large abominations (Pan)
  A cherub (Pan)
  3 deep elf pyromancers
  A spectral ettin (Tar:2)
  A spectral alligator snapping turtle (Tar:2)
  An eye of devastation (Snake:3)
  A naga mage (Snake:3)
  2 orange demons (Pan)
  3 hellions
  2 spectral harpies (Tar:3)
  A golden dragon simulacrum (Coc:7)
  A silent spectre (Tar:6)
  A red devil (Pan)
  A dire elephant simulacrum (Coc:7)
  A neqoxec (Pan)
  A golden eye (Pan)
  A naga (Snake:3)
122 creatures vanquished.

Vanquished Creatures (others)
  A Killer Klown (Zot:5)
  4 caustic shrikes
  2 Ice Fiends (Pan)
  A shard shrike simulacrum (Coc:7)
  A lorocyproca (Pan)
  A demonspawn black sun (Pan)
  A green death (Pan)
  A rakshasa (Pan)
  An occultist (Pan)
  A deep elf knight (Elf:2)
  2 soul eaters (Pan)
  A sun demon (Pan)
  A large abomination (Pan)
  A glowing orange brain (Pan)
  A deep elf zephyrmancer (Elf:1)
  15 hellions (Pan)
  2 bunyip simulacra
  An anaconda simulacrum (Coc:7)
  A golden dragon simulacrum (Coc:2)
  2 alligator snapping turtle simulacra
  2 fire bats (Pan)
  3 chaos spawn (Pan)
  A naga (Abyss:3)
  2 hell rats (Hell)
  An ufetubus (IceCv)
  An orc (Vaults:5)
  9 ball lightnings (Pan)
  A creeping inferno (Hell)
  4 foxfires (Abyss:3)
  6 starspawn tentacles (Abyss:3)
71 creatures vanquished.

Grand Total: 3508 creatures vanquished

Notes
Turn   | Place    | Note
-------+----------+-------------------------------------------
     0 | D:1      | catclaw the Oni Fighter began the quest for the Orb.
     0 | D:1      | Reached XP level 1. HP: 24/24 MP: 1/1
   187 | D:1      | Reached XP level 2. HP: 32/32 MP: 2/2
   435 | D:2      | Noticed Terence
   444 | D:1      | Reached XP level 3. HP: 28/40 MP: 3/3
   760 | D:2      | Killed Terence
   761 | D:2      | Reached XP level 4. HP: 39/49 MP: 4/4
   896 | D:2      | Reached skill level 1 in Throwing
   944 | D:3      | Noticed Natasha
   946 | D:3      | Killed Natasha
   947 | D:3      | Reached XP level 5. HP: 48/55 MP: 5/5
  1280 | D:3      | Noticed Natasha
  1289 | D:3      | Killed Natasha
  1290 | D:3      | Reached skill level 5 in Fighting
  1298 | D:3      | Found a faded altar of an unknown god.
  1337 | D:3      | Found an ancient bone altar of Kikubaaqudgha.
  1377 | D:3      | Noticed a phantom
  1382 | D:3      | Killed a phantom
  1383 | D:3      | Reached XP level 6. HP: 66/66 MP: 6/6
  1706 | D:4      | Reached skill level 5 in Axes
  1754 | D:4      | Found a radiant altar of Vehumet.
  1783 | D:4      | Noticed Pikel
  1814 | D:4      | Reached XP level 7. HP: 16/75 MP: 7/7
  1838 | D:4      | Noticed Eustachio
  1870 | D:3      | Noticed Natasha
  1875 | D:3      | Killed Natasha
  1939 | D:3      | Killed Pikel
  1940 | D:3      | Reached XP level 8. HP: 23/87 MP: 8/8
  1983 | D:4      | Found an opulent altar of Gozag.
  2012 | D:4      | Reached skill level 5 in Shields
  2104 | D:5      | Entered Level 5 of the Dungeon
  2104 | D:5      | Noticed Prince Ribbit
  2121 | D:5      | Killed Prince Ribbit
  2185 | D:5      | Noticed Menkaure
  2193 | D:5      | Killed Menkaure
  2369 | D:5      | Found a sacrificial altar of Ru.
  2380 | D:5      | Found a stormy altar of Qazlal.
  2446 | D:5      | Reached XP level 9. HP: 96/96 MP: 9/9
  2623 | D:5      | Noticed Ijyb
  2630 | D:5      | Killed Ijyb
  2670 | D:6      | Noticed Jeremiah
  2916 | D:6      | Noticed Edmund
  2968 | D:6      | Killed Edmund
  2987 | D:6      | Noticed Maggie
  3183 | D:7      | Found a staircase to the Ecumenical Temple.
  3192 | Temple   | Entered the Ecumenical Temple
  3234 | Temple   | Became a worshipper of Warmaster Okawaru
  3310 | D:7      | Found a white marble altar of Elyvilon.
  3463 | D:7      | Found a flagged portal.
  3472 | Bailey   | Entered a bailey
  3516 | Bailey   | Reached skill level 1 in Invocations
  3863 | D:7      | Reached * piety under Okawaru
  3902 | D:7      | Reached skill level 1 in Armour
  3959 | D:7      | Reached XP level 10. HP: 89/101 MP: 11/11
  4024 | D:7      | Reached skill level 10 in Axes
  4110 | D:7      | Reached ** piety under Okawaru
  4652 | D:6      | Killed Maggie
  4678 | D:6      | Killed Jeremiah
  4679 | D:6      | Reached skill level 10 in Fighting
  4795 | D:8      | Found a hide-covered altar of Uskayaw.
  4906 | D:8      | Found a shadowy altar of Dithmenos.
  4970 | D:8      | Reached *** piety under Okawaru
  5005 | D:8      | Found a staircase to the Lair.
  5067 | D:8      | Noticed a two-headed ogre
  5078 | D:8      | Killed a two-headed ogre
  5101 | D:8      | Reached XP level 11. HP: 61/119 MP: 14/14
  5281 | D:8      | Reached **** piety under Okawaru
  5318 | D:8      | Found a blossoming altar of Fedhas.
  5321 | D:8      | Found an ornate altar of the Wu Jian Council.
  5325 | D:8      | Found a bloodstained altar of Trog.
  5565 | D:10     | Entered Level 10 of the Dungeon
  5647 | D:9      | Found a glowing golden altar of the Shining One.
  5763 | D:9      | Gained mutation: Your mind is acute. (Int +4, Str/Dex -1)
                  | [potion of mutation]
  5763 | D:9      | Gained mutation: You are strong-willed. (Will+) [potion of
                  | mutation]
  5763 | D:9      | Gained mutation: You are partially covered in iridescent
                  | scales. (AC +2) [potion of mutation]
  6163 | D:9      | Found a runed translucent door.
  6186 | D:9      | Noticed sol123's ghost (novice MiHu)
  6197 | D:9      | Killed sol123's ghost
  6197 | D:9      | Reached ***** piety under Okawaru
  6198 | D:9      | Reached skill level 5 in Invocations
  6241 | D:9      | Noticed a two-headed ogre
  6257 | D:9      | Killed a two-headed ogre
  6340 | D:9      | Noticed Erica
  6541 | D:10     | Received a gift from Okawaru
  6621 | D:10     | Noticed a boulder beetle
  6633 | D:10     | Killed a boulder beetle
  6770 | D:10     | Noticed a two-headed ogre
  6784 | D:10     | Reached skill level 5 in Throwing
  6788 | D:10     | Killed a two-headed ogre
  7024 | D:11     | Reached XP level 12. HP: 95/130 MP: 16/16
  7096 | D:11     | Found Bagef's Book Emporium.
  7130 | D:11     | Found a portal to a secret trove of treasure.
  7395 | D:11     | Received a gift from Okawaru
  7450 | D:11     | Noticed a two-headed ogre
  7453 | D:11     | Killed a two-headed ogre
  7454 | D:11     | Reached skill level 5 in Armour
  7623 | D:11     | Found a runed translucent door.
  7623 | D:11     | Found a runed translucent door.
  7630 | D:11     | Noticed a tengu warrior
  7630 | D:11     | Noticed a deep troll earth mage
  7638 | D:11     | Noticed wqsa789's ghost (journeyman DsFi)
  7642 | D:11     | Noticed a lich
  8255 | D:12     | Received a gift from Okawaru
  8273 | D:12     | Found a staircase to the Orcish Mines.
  8276 | D:12     | Identified the +7 mace of Collusion {flame, ^Fragile rPois
                  | rN+ SInv}
  8507 | D:12     | Noticed Josephine
  8523 | D:12     | Killed Josephine
  8583 | Orc:1    | Entered Level 1 of the Orcish Mines
  8587 | Orc:1    | Noticed Fannar
  8592 | Orc:1    | Reached XP level 13. HP: 134/141 MP: 15/18
  8592 | Orc:1    | Noticed Sonja
  8593 | Orc:1    | Sonja changed into Sonja the ogre
  8593 | Orc:1    | Noticed Sonja
  8596 | Orc:1    | Noticed Harold
  8604 | D:12     | Killed Sonja the ogre
  8606 | D:12     | Killed Fannar
  8606 | D:12     | Received a gift from Okawaru
  8647 | Orc:1    | Killed Harold
  8804 | Orc:1    | Found a frozen archway.
  8820 | IceCv    | Entered an ice cave
  9010 | IceCv    | Received a gift from Okawaru
  9164 | IceCv    | Noticed a reaper
  9401 | Orc:2    | Entered Level 2 of the Orcish Mines
  9498 | Orc:2    | Found a staircase to the Elven Halls.
  9662 | Orc:2    | Found a gate leading to a gauntlet.
  9671 | Gauntlet | Entered a Gauntlet
  9671 | Gauntlet | Found a transporter.
  9676 | Gauntlet | Found a transporter.
  9692 | Gauntlet | Found a transporter.
  9694 | Gauntlet | Found a transporter.
  9698 | Gauntlet | Found a runed translucent door.
  9699 | Gauntlet | Found a runed translucent door.
  9702 | Gauntlet | Found a transporter.
  9720 | Gauntlet | Found a transporter.
  9722 | Gauntlet | Noticed a reaper
  9730 | Gauntlet | Found a transporter.
  9737 | Gauntlet | Found a runed translucent door.
  9741 | Gauntlet | Found a transporter.
  9755 | Gauntlet | Found a transporter.
  9757 | Gauntlet | Found a transporter.
  9766 | Gauntlet | Found a transporter.
  9781 | Gauntlet | Found a transporter.
  9849 | Gauntlet | Found a transporter.
  9911 | Gauntlet | Identified the ring "Vucyohel" {^Drain Fly rPois Will+
                  | Dex+5}
 10006 | Gauntlet | Noticed a minotaur
 10011 | Gauntlet | Killed a minotaur
 10027 | Gauntlet | Identified the staff "Yleos" {rN+ Dex+5 Necro}
 10027 | Gauntlet | Identified the +6 long sword "Kudivoth" {flame, rN+++ MP+9
                  | Int-4 Dex-5}
 10178 | Orc:2    | Reached skill level 1 in Evocations
 10198 | Orc:2    | Received a gift from Okawaru
 10301 | Orc:2    | Reached ****** piety under Okawaru
 10322 | Orc:2    | Found Coteh's Magic Scroll Shop.
 10322 | Orc:2    | Found Byohowio's Assorted Antiques.
 10323 | Orc:2    | Found Vokoameg's Book Emporium.
 10323 | Orc:2    | Found Vuizos's Assorted Antiques.
 10353 | Orc:2    | Reached XP level 14. HP: 153/153 MP: 20/20
 10379 | Orc:2    | Acquired a +2 broad axe of distortion
 10379 | Orc:2    | Received a gift from Okawaru
 10408 | Orc:2    | Acquired the +0 hat of Exclusion {Regen+ Dex+4}
 10408 | Orc:2    | Received a gift from Okawaru
 10436 | Orc:2    | Received a gift from Okawaru
 10477 | Orc:2    | Bought a scroll of brand weapon for 142 gold pieces
 10765 | Lair:1   | Entered Level 1 of the Lair of Beasts
 10824 | Lair:1   | Received a gift from Okawaru
 11150 | Lair:2   | Found an ornate altar of the Wu Jian Council.
 11226 | Lair:2   | Reached skill level 10 in Shields
 11306 | Lair:3   | Found a staircase to the Snake Pit.
 11391 | Lair:3   | Received a gift from Okawaru
 11393 | Lair:3   | Found a transporter.
 11415 | Lair:3   | Noticed Mafah's ghost (journeyman TrSh)
 11459 | Lair:3   | Killed Mafah's ghost
 11492 | Lair:3   | Found a transporter.
 11690 | Lair:4   | Reached skill level 15 in Axes
 11762 | Lair:5   | Entered Level 5 of the Lair of Beasts
 11817 | Lair:5   | Reached skill level 10 in Invocations
 11844 | Lair:5   | Found a staircase to the Slime Pits.
 11844 | Lair:5   | Found a viscous altar of Jiyva.
 11892 | Lair:5   | Reached XP level 15. HP: 164/165 MP: 22/22
 11921 | Lair:5   | Received a gift from Okawaru
 12153 | Lair:5   | Found a burning altar of Makhleb.
 12350 | Lair:5   | Found a gateway to Hell.
 12352 | Lair:5   | Got an earthy gem with 2220 turns to spare
 12722 | Lair:4   | Received a gift from Okawaru
 12746 | Lair:4   | Reached skill level 15 in Fighting
 12788 | Lair:4   | Identified the ring of Neod {rPois Str+5 Int+4}
 13101 | Snake:1  | Entered Level 1 of the Snake Pit
 13128 | Snake:2  | Found a broken altar of Ashenzari.
 13273 | Snake:2  | Received a gift from Okawaru
 13324 | Snake:2  | Noticed Frances
 13351 | Snake:2  | Killed Frances
 13352 | Arena    | Entered the Arena
 13434 | Snake:2  | Reached skill level 5 in Evocations
 13617 | Snake:4  | Entered Level 4 of the Snake Pit
 13663 | Snake:4  | Reached XP level 16. HP: 122/176 MP: 23/23
 13747 | Snake:4  | Reached skill level 10 in Throwing
 13781 | Snake:4  | Found a flickering gateway to a bazaar.
 13790 | Snake:4  | Received a gift from Okawaru
 13800 | Bazaar   | Entered a bazaar
 13800 | Bazaar   | Found Dyvoetaj's Assorted Antiques.
 13800 | Bazaar   | Found Fow Mis's Weapon Emporium.
 13803 | Bazaar   | Found Kuexute's Book Emporium.
 13814 | Bazaar   | Bought 5 curare-tipped darts for 66 gold pieces
 13816 | Bazaar   | Found Suylem Meosm's Antique Weapon Shoppe.
 13829 | Bazaar   | Bought a scroll labelled OREURCHOAMN for 24 gold pieces
 13829 | Bazaar   | Bought a scroll of enchant weapon for 180 gold pieces
 13865 | Snake:4  | Found a stormy altar of Qazlal.
 14261 | Snake:4  | Noticed a nagaraja
 14268 | Snake:4  | Killed a nagaraja
 14268 | Snake:4  | Received a gift from Okawaru
 14647 | Snake:4  | Received a gift from Okawaru
 14698 | Snake:4  | Noticed a nagaraja
 14715 | Snake:4  | Killed a nagaraja
 14801 | Snake:4  | Noticed a nagaraja
 14804 | Arena    | Entered the Arena
 14838 | Snake:4  | Killed a nagaraja
 14838 | Snake:4  | Received a gift from Okawaru
 14839 | Snake:4  | Reached XP level 17. HP: 58/188 MP: 20/24
 15001 | Snake:4  | Got a jade gem with 671 turns to spare
 15001 | Snake:4  | Got a serpentine rune of Zot
 15126 | Snake:3  | Received a gift from Okawaru
 15127 | Snake:3  | Reached skill level 10 in Armour
 15234 | Snake:2  | Found Qum Beoho's Specific Store.
 15234 | Snake:2  | Found Ucweef's General Store.
 15260 | Snake:2  | Bought a scroll of blinking for 112 gold pieces
 15260 | Snake:2  | Bought a scroll of enchant weapon for 112 gold pieces
 15316 | Snake:2  | Found Keysiekkiow's Tiny Tomes.
 15322 | Snake:2  | Bought Ywaenefu's Octavo of Relocation for 130 gold pieces
 15662 | Snake:1  | Received a gift from Okawaru
 15717 | Snake:1  | Lost the jade gem through the power of Zot.
 15757 | Snake:1  | Found Pylomis's Practical Paraphernalia.
 15822 | Lair:2   | Found a staircase to the Shoals.
 15837 | Shoals:1 | Entered Level 1 of the Shoals
 16164 | Shoals:1 | Received a gift from Okawaru
 16207 | Shoals:1 | You are sucked into a shaft and drop 1 floor!
 16363 | Shoals:2 | Reached XP level 18. HP: 150/202 MP: 25/25
 16512 | Shoals:4 | Entered Level 4 of the Shoals
 16579 | Shoals:4 | Noticed Polyphemus
 16587 | Arena    | Entered the Arena
 16628 | Arena    | Received a gift from Okawaru
 16656 | Shoals:4 | Killed Polyphemus
 16708 | Shoals:4 | Noticed Donald
 16719 | Shoals:4 | Killed Donald
 16789 | Shoals:4 | Got an azure gem with 1557 turns to spare
 16789 | Shoals:4 | Got a barnacled rune of Zot
 17026 | Shoals:3 | Received a gift from Okawaru
 17101 | Shoals:3 | Identified the -2 helmet of Lilacs {Fly Str+7}
 17326 | Shoals:4 | Got Sif Muna's Elucidation of Concussion
 17539 | Shoals:3 | Received a gift from Okawaru
 17900 | Lair:1   | You are sucked into a shaft and drop 1 floor!
 18096 | Snake:1  | Bought +0 pearl dragon scales for 1600 gold pieces
 18405 | Orc:1    | Noticed Maurice
 18415 | Orc:1    | Killed Maurice
 18464 | Elf:1    | Entered Level 1 of the Elven Halls
 18527 | Elf:1    | Paralysed by an air elemental for 1 turns
 18558 | Elf:2    | Received a gift from Okawaru
 18588 | Elf:2    | Reached XP level 19. HP: 158/218 MP: 26/26
 18596 | Elf:3    | Entered Level 3 of the Elven Halls
 18596 | Elf:3    | Found Donysk Qoch's General Store.
 18647 | Elf:3    | Found Coxzu's General Store.
 18672 | Elf:3    | Bought a scroll of blinking for 120 gold pieces
 18672 | Elf:3    | Bought a potion of lignification for 48 gold pieces
 18672 | Elf:3    | Bought a potion of curing for 48 gold pieces
 18792 | Elf:3    | Paralysed by an air elemental for 1 turns
 18817 | Elf:2    | Paralysed by an air elemental for 1 turns
 18822 | Elf:3    | Paralysed by an air elemental for 1 turns
 18879 | Elf:3    | Noticed a Hell Sentinel
 19090 | Elf:3    | Received a gift from Okawaru
 19277 | Elf:3    | Got a shimmering gem with 1077 turns to spare
 19285 | Elf:3    | Identified the +8 war axe of Desperation {elec, Stlth+}
 19290 | Elf:3    | Identified the +0 chain mail "Wurekk" {rN+}
 19322 | Elf:3    | Identified the amulet of Tearid {RegenMP Str+3}
 19327 | Elf:3    | Got the Exposition on Unstable Vapour
 19329 | Elf:3    | Identified the +2 robe "Joink" {Rampage Regen+ Stlth+}
 19335 | Elf:3    | Upgraded the game from 0.31-a0-1343-gcd514f4 to
                  | 0.31-a0-1352-gc98d92d
 19345 | Elf:3    | Learned a level 1 spell: Apportation
 19363 | Elf:3    | Identified the staff "Woil" {+Blink rF+ Dex+2 Stlth+ Fire}
 19418 | Elf:3    | Got Dispater's Incunable of the Gathered Plateau
 19472 | Elf:3    | Got the Compendium of the Damned and Summoning
 19768 | Elf:3    | Found Hielif's Jewellery Shop.
 19779 | Elf:3    | Bought a ring of resist corrosion for 280 gold pieces
 19845 | Elf:2    | Found Kunuirr's Jewellery Shop.
 19905 | Elf:2    | Paralysed by an air elemental for 1 turns
 19933 | Elf:2    | Found a runed translucent gate.
 19933 | Elf:2    | Found a runed translucent gate.
 19933 | Elf:2    | Found a runed translucent gate.
 20009 | Elf:2    | Received a gift from Okawaru
 20331 | Elf:1    | Reached XP level 20. HP: 147/234 MP: 27/27
 20411 | Elf:1    | Lost the shimmering gem through the power of Zot.
 20503 | Elf:1    | Received a gift from Okawaru
 20535 | Elf:1    | Identified the +6 rapier "Tenwaddy" {flame, *Noise rC+
                  | Str+3 Stlth+}
 20651 | Elf:1    | Found Peseoze's General Store.
 20659 | Elf:1    | Bought a potion of curing for 51 gold pieces
 20659 | Elf:1    | Bought a potion of curing for 51 gold pieces
 20780 | Elf:1    | Learned a level 1 spell: Sandblast
 20783 | Elf:1    | Learned a level 2 spell: Passwall
 20787 | Elf:1    | Learned a level 3 spell: Fugue of the Fallen
 20791 | Elf:1    | Learned a level 3 spell: Volatile Blastmotes
 20796 | Elf:1    | Learned a level 4 spell: Vhi's Electric Charge
 20832 | Orc:2    | Bought a scroll of revelation for 112 gold pieces
 20832 | Orc:2    | Bought a scroll of teleportation for 45 gold pieces
 20832 | Orc:2    | Bought 2 scrolls of enchant armour for 225 gold pieces
 20835 | Orc:2    | Bought a scroll of enchant armour for 157 gold pieces
 20837 | Orc:2    | Bought a scroll of teleportation for 63 gold pieces
 20837 | Orc:2    | Bought a scroll of identify for 42 gold pieces
 20963 | D:15     | Entered Level 15 of the Dungeon
 21011 | D:15     | Found a staircase to the Depths.
 21018 | D:15     | Got a smoky gem with 35 turns to spare
 21052 | D:15     | Lost the smoky gem through the power of Zot.
 21171 | D:14     | Found a gate to the Vaults.
 21180 | D:14     | Received a gift from Okawaru
 21205 | Vaults:1 | Entered Level 1 of the Vaults
 21424 | Vaults:3 | Reached skill level 1 in Spellcasting
 21434 | Vaults:3 | Reached skill level 1 in Fire Magic
 21469 | Vaults:3 | Reached skill level 1 in Necromancy
 21481 | Vaults:3 | Reached skill level 1 in Translocations
 21481 | Vaults:3 | Reached skill level 1 in Earth Magic
 21495 | Vaults:3 | Received a gift from Okawaru
 21871 | Vaults:3 | Received a gift from Okawaru
 21936 | Vaults:3 | Reached skill level 15 in Armour
 21950 | Arena    | Entered the Arena
 22218 | Vaults:4 | Reached XP level 21. HP: 245/245 MP: 28/28
 22273 | Vaults:5 | Entered Level 5 of the Vaults
 22316 | Vaults:5 | Noticed a dread lich
 22321 | Vaults:5 | Killed a dread lich
 22337 | Vaults:5 | Noticed an ancient lich
 22347 | Vaults:5 | Received a gift from Okawaru
 22359 | Vaults:5 | Killed an ancient lich
 22423 | Vaults:5 | Noticed an ancient lich
 22428 | Vaults:5 | Killed an ancient lich
 22724 | Vaults:5 | Noticed a golden dragon
 22740 | Vaults:5 | Killed a golden dragon
 22741 | Vaults:5 | Received a gift from Okawaru
 22801 | Vaults:5 | Identified a scroll of acquirement
 22813 | Vaults:5 | Acquired 1059 gold pieces
 22863 | Vaults:5 | Noticed a golden dragon
 22875 | Vaults:5 | Killed a golden dragon
 22941 | Vaults:5 | Noticed a golden dragon
 22951 | Vaults:5 | Killed a golden dragon
 22952 | Vaults:5 | Reached skill level 5 in Spellcasting
 23138 | Vaults:5 | Received a gift from Okawaru
 23245 | Vaults:5 | Identified the amulet "Qaob Sua" {RegenMP rPois Int-2
                  | Slay+2}
 23288 | Vaults:5 | Got a shining gem with 1879 turns to spare
 23288 | Vaults:5 | Got a silver rune of Zot
 23290 | Vaults:5 | Identified the staff "Xiukhloma" {rF++ rC+++ Str-3 Conj}
 23312 | Vaults:5 | Noticed a golden dragon
 23329 | Vaults:5 | Reached XP level 22. HP: 254/254 MP: 29/29
 23355 | Vaults:5 | Killed a golden dragon
 23387 | Vaults:5 | Received a gift from Okawaru
 23429 | Vaults:5 | Identified the +2 robe "Poakkoi" {Will+}
 23451 | Vaults:5 | Reached skill level 5 in Fire Magic
 23461 | Vaults:5 | Identified the ring "Unain" {rC+ Will+}
 23488 | Vaults:5 | Reached skill level 5 in Necromancy
 23526 | Vaults:5 | Reached skill level 15 in Throwing
 23529 | Vaults:5 | Reached skill level 5 in Translocations
 23530 | Vaults:5 | Reached skill level 5 in Earth Magic
 23555 | Vaults:5 | Reached skill level 15 in Shields
 23796 | Vaults:4 | Received a gift from Okawaru
 24181 | D:11     | Killed wqsa789's ghost
 24222 | D:11     | Identified the +8 chain mail "Cuyc" {Int+2}
 24531 | Slime:1  | Entered Level 1 of the Pits of Slime
 24811 | Slime:5  | Entered Level 5 of the Pits of Slime
 24858 | Slime:5  | Received a gift from Okawaru
 24864 | Slime:5  | Noticed the Royal Jelly
 24949 | Slime:5  | Killed the Royal Jelly
 25019 | Slime:5  | Reached XP level 23. HP: 188/263 MP: 28/30
 25081 | Slime:5  | Got a starry gem with 507 turns to spare
 25081 | Slime:5  | Got a slimy rune of Zot
 25098 | Slime:5  | Identified the +6 falchion "Beetlebane" {flame, rElec
                  | Dex+9}
 25134 | Slime:5  | Identified the +8 plate armour "Umifiss" {Regen+}
 25495 | Trove    | Entered a treasure trove
 25655 | D:9      | Fell from the grace of Okawaru
 25655 | D:9      | Became a worshipper of the Shining One
 26087 | Vaults:2 | Found Oxaleno's Antique Armour Boutique.
 26193 | Vaults:1 | Acquired a manual of Fire Magic
 26205 | Vaults:2 | Learned a level 2 spell: Lesser Beckoning
 26248 | Vaults:2 | Noticed Xtahua
 26269 | Vaults:2 | Killed Xtahua
 26286 | Vaults:2 | Found a staircase to the Crypt.
 26286 | Vaults:2 | Found a basalt altar of Yredelemnul.
 26286 | Vaults:2 | Found an ancient bone altar of Kikubaaqudgha.
 26293 | Crypt:1  | Entered Level 1 of the Crypt
 26296 | Crypt:1  | Reached * piety under the Shining One
 26368 | Crypt:1  | Reached ** piety under the Shining One
 26405 | Crypt:1  | Reached *** piety under the Shining One
 26433 | Crypt:1  | Reached **** piety under the Shining One
 26570 | Crypt:2  | Reached ***** piety under the Shining One
 26659 | Crypt:3  | Entered Level 3 of the Crypt
 26793 | Crypt:3  | Reached ****** piety under the Shining One
 26796 | Crypt:3  | Identified a +9 broad axe of holy wrath (a +9 broad axe of
                  | venom blessed by the Shining One)
 26796 | Crypt:3  | Received a gift from the Shining One
 26816 | Crypt:3  | Found a staircase to the Tomb.
 26894 | Crypt:3  | Found a basalt altar of Yredelemnul.
 26912 | Crypt:3  | Noticed an ancient lich
 26940 | Crypt:3  | Killed an ancient lich
 26967 | Crypt:3  | Found the +12 glaive of Prune {freeze, Prune}
 26974 | Crypt:3  | Identified the ring "Ypuiz" {rC+ rN+ SInv}
 26974 | Crypt:3  | Identified the ring of Wu Jian's Esteem {rC+ rN+ Str+3}
 27100 | Crypt:3  | Reached XP level 24. HP: 273/273 MP: 33/33
 27166 | Crypt:3  | Got an ivory gem with 1011 turns to spare
 27312 | Crypt:1  | Reached skill level 15 in Invocations
 27474 | Tomb:1   | Entered Level 1 of the Tomb of the Ancients
 27608 | Tomb:1   | Noticed Boris
 27624 | Tomb:1   | Killed Boris
 27672 | Tomb:1   | Noticed a royal mummy
 27699 | Tomb:1   | Killed a royal mummy
 27700 | Tomb:1   | Reached skill level 10 in Fire Magic
 27755 | Tomb:1   | Noticed a royal mummy
 27762 | Tomb:1   | Killed a royal mummy
 27848 | Tomb:2   | Noticed a royal mummy
 27849 | Tomb:2   | Noticed a royal mummy
 27853 | Tomb:2   | Noticed a royal mummy
 27853 | Tomb:2   | Noticed a royal mummy
 27856 | Tomb:2   | Killed a royal mummy
 27865 | Tomb:2   | Killed a royal mummy
 27867 | Tomb:2   | Killed a royal mummy
 27870 | Tomb:2   | Killed a royal mummy
 28375 | Tomb:3   | Entered Level 3 of the Tomb of the Ancients
 28437 | Tomb:3   | Noticed a royal mummy
 28453 | Tomb:3   | Killed a royal mummy
 28458 | Tomb:3   | Noticed a royal mummy
 28473 | Tomb:3   | Killed a royal mummy
 28474 | Tomb:3   | Reached XP level 25. HP: 216/282 MP: 29/37
 28481 | Tomb:3   | Noticed a royal mummy
 28490 | Tomb:3   | Killed a royal mummy
 28541 | Tomb:3   | Identified the ring of Lies {rF+ rC+ Int+3 Stlth+}
 28549 | Tomb:3   | Identified the ring "Nygeel" {Fly rPois}
 28586 | Tomb:3   | Noticed a royal mummy
 28605 | Tomb:3   | Killed a royal mummy
 28723 | Tomb:3   | Noticed a royal mummy
 28736 | Tomb:3   | Noticed a royal mummy
 28744 | Tomb:3   | Killed a royal mummy
 28744 | Tomb:3   | Noticed a royal mummy
 28751 | Tomb:3   | Killed a royal mummy
 28756 | Tomb:3   | Killed a royal mummy
 28789 | Tomb:3   | Noticed a royal mummy
 28798 | Tomb:3   | Killed a royal mummy
 28811 | Tomb:3   | Noticed a royal mummy
 28830 | Tomb:3   | Killed a royal mummy
 28914 | Tomb:3   | Got a golden rune of Zot
 28914 | Tomb:3   | Got a sanguine gem with 864 turns to spare
 29434 | Depths:1 | Entered Level 1 of the Depths
 29441 | Depths:1 | Found a blossoming altar of Fedhas.
 29670 | Depths:3 | Found Imuw Edd's General Store.
 29720 | Depths:3 | Bought a potion of curing for 57 gold pieces
 30125 | Depths:3 | Found a magical portal.
 30134 | WizLab   | Entered Wucad Mu's Monastery
 30162 | Depths:3 | Found a one-way gate to the infinite horrors of the Abyss.
 30164 | Depths:4 | Entered Level 4 of the Depths
 30260 | Depths:4 | Noticed a juggernaut
 30282 | Depths:4 | Killed a juggernaut
 30283 | Depths:4 | Reached XP level 26. HP: 293/293 MP: 30/38
 30327 | Depths:4 | Found a gate to the Realm of Zot.
 30331 | Depths:4 | Noticed a juggernaut
 30344 | Depths:4 | Killed a juggernaut
 30350 | Depths:4 | Got a midnight gem with 2178 turns to spare
 30406 | Hell     | Entered the Vestibule of Hell
 30406 | Hell     | Noticed Geryon
 30415 | Hell     | Killed Geryon
 30460 | Hell     | Noticed Murray
 30477 | Hell     | Killed Murray
 30566 | Hell     | Found a gateway to the decaying netherworld of Tartarus.
 30625 | Hell     | Found a gateway to the ashen valley of Gehenna.
 30723 | Depths:4 | Was forgiven by Okawaru
 31075 | Depths:4 | Found a one-way gate leading to the halls of Pandemonium.
 31085 | Pan      | Entered Pandemonium
 31101 | Pan      | Reached skill level 1 in Air Magic
 31205 | Pan      | Found a transporter.
 31223 | Pan      | Found a transporter.
 31735 | Pan      | Entered the realm of Gloorx Vloq.
 32166 | Pan      | Reached skill level 5 in Air Magic
 32295 | Pan      | Noticed Gloorx Vloq
 32314 | Pan      | Killed Gloorx Vloq
 32343 | Pan      | Got a dark rune of Zot
 32496 | Pan      | Gained mutation: You are weak. (Str -2) [a cacodemon]
 32513 | Pan      | Reached XP level 27. HP: 302/302 MP: 38/38
 32661 | Pan      | Found an exit through the horrors of the Abyss.
 33166 | Pan      | Reached skill level 1 in Alchemy
 33166 | Pan      | Reached skill level 10 in Evocations
 33283 | Pan      | Noticed Irruuma the pandemonium lord
 33407 | Pan      | Gained mutation: Your magical capacity is low. (-10% MP) [a
                  | neqoxec]
 33436 | Pan      | Killed Irruuma the pandemonium lord
 33583 | Pan      | Found an exit through the horrors of the Abyss.
 33589 | Pan      | Found a runed translucent door.
 33595 | Pan      | Found a runed translucent door.
 33596 | Pan      | Found a runed translucent door.
 33625 | Pan      | Found a runed translucent door.
 33634 | Pan      | Noticed Foanwom the pandemonium lord
 33642 | Pan      | Killed Foanwom the pandemonium lord
 33695 | Pan      | Entered the realm of Mnoleg.
 33846 | Pan      | Noticed Mnoleg
 33869 | Pan      | Reached skill level 5 in Alchemy
 33885 | Pan      | Killed Mnoleg
 33958 | Pan      | Got a glowing rune of Zot
 34212 | Pan      | Noticed Laokhlow the pandemonium lord
 34300 | Pan      | Killed Laokhlow the pandemonium lord
 34312 | Pan      | Got a demonic rune of Zot
 34337 | Pan      | Gained mutation: Your magical capacity is very low. (-20%
                  | MP) [a neqoxec]
 34338 | Pan      | Gained mutation: You are clumsy. (Dex -2) [a neqoxec]
 34416 | Pan      | Noticed Feutops the pandemonium lord
 34425 | Pan      | Killed Feutops the pandemonium lord
 34456 | Pan      | Gained mutation: You are frail. (-10% HP) [a cacodemon]
 34486 | Pan      | Lost mutation: Your mind is acute. (Int +4, Str/Dex -1)
                  | [potion of mutation]
 34486 | Pan      | Lost mutation: You are partially covered in iridescent
                  | scales. (AC +2) [potion of mutation]
 34486 | Pan      | Gained mutation: You are very clumsy. (Dex -4) [potion of
                  | mutation]
 34486 | Pan      | Gained mutation: Your health recovers twice as slowly from
                  | being drained. [potion of mutation]
 34486 | Pan      | Gained mutation: Your magical capacity is extremely low.
                  | (-30% MP) [potion of mutation]
 34486 | Pan      | Gained mutation: Your system is resistant to poisons.
                  | (rPois) [potion of mutation]
 34487 | Pan      | Lost mutation: Your magical capacity is extremely low.
                  | (-30% MP) [potion of mutation]
 34487 | Pan      | Lost mutation: Your magical capacity is very low. (-20% MP)
                  | [potion of mutation]
 34487 | Pan      | Lost mutation: You are weak. (Str -2) [potion of mutation]
 34487 | Pan      | Gained mutation: Your magical capacity is very low. (-20%
                  | MP) [potion of mutation]
 34487 | Pan      | Gained mutation: Your mind is acute. (Int +4, Str/Dex -1)
                  | [potion of mutation]
 34488 | Pan      | Lost mutation: Your magical capacity is very low. (-20% MP)
                  | [potion of mutation]
 34488 | Pan      | Lost mutation: Your magical capacity is low. (-10% MP)
                  | [potion of mutation]
 34488 | Pan      | Lost mutation: You are very clumsy. (Dex -4) [potion of
                  | mutation]
 34488 | Pan      | Gained mutation: Your movements are slightly less
                  | encumbered by armour. (ER -2) [potion of mutation]
 34489 | Pan      | Lost mutation: Your movements are slightly less encumbered
                  | by armour. (ER -2) [potion of mutation]
 34489 | Pan      | Lost mutation: Your mind is acute. (Int +4, Str/Dex -1)
                  | [potion of mutation]
 34489 | Pan      | Lost mutation: You are strong-willed. (Will+) [potion of
                  | mutation]
 34489 | Pan      | Gained mutation: You have sharp fingernails. [potion of
                  | mutation]
 34489 | Pan      | Gained mutation: You do not regenerate when monsters are
                  | visible. [potion of mutation]
 34489 | Pan      | Gained mutation: You are partially covered in iridescent
                  | scales. (AC +2) [potion of mutation]
 34490 | Pan      | Lost mutation: You are clumsy. (Dex -2) [potion of
                  | mutation]
 34490 | Pan      | Lost mutation: You do not regenerate when monsters are
                  | visible. [potion of mutation]
 34490 | Pan      | Lost mutation: You are frail. (-10% HP) [potion of
                  | mutation]
 34490 | Pan      | Gained mutation: You are partially covered in large bone
                  | plates. (SH +4) [potion of mutation]
 34490 | Pan      | Gained mutation: Armour fits poorly on your strangely
                  | shaped body. [potion of mutation]
 34490 | Pan      | Gained mutation: You are mostly covered in large bone
                  | plates. (SH +6) [potion of mutation]
 34491 | Pan      | Lost mutation: Your health recovers twice as slowly from
                  | being drained. [potion of mutation]
 34491 | Pan      | Lost mutation: Armour fits poorly on your strangely shaped
                  | body. [potion of mutation]
 34491 | Pan      | Gained mutation: You have a pair of horns on your head.
                  | [potion of mutation]
 34491 | Pan      | Gained mutation: Your mind is acute. (Int +4, Str/Dex -1)
                  | [potion of mutation]
 34655 | Pan      | Noticed Arereeg the pandemonium lord
 34673 | Pan      | Killed Arereeg the pandemonium lord
 34735 | Pan      | Entered the realm of Cerebov.
 34952 | Pan      | Identified the ring of Fun {Int+3 SInv}
 34995 | Pan      | Found the +6 sword of Cerebov {flame}
 34995 | Pan      | Noticed Cerebov
 35040 | Pan      | Killed Cerebov
 35149 | Pan      | Identified the ring "Utuoc" {Wiz Int+6}
 35167 | Pan      | Got a fiery rune of Zot
 35198 | Pan      | Identified the ring of the Hammering Queen {rCorr EV+5}
 35382 | Pan      | Noticed Borph the pandemonium lord
 35393 | Pan      | Killed Borph the pandemonium lord
 35602 | Pan      | Found a glowing silver altar of Zin.
 35764 | Pan      | Noticed a seraph
 35793 | Pan      | Killed a seraph
 35983 | Pan      | Found a glowing golden altar of the Shining One.
 36125 | Pan      | Entered the realm of Lom Lobon.
 36353 | Pan      | Noticed Lom Lobon
 36372 | Pan      | Killed Lom Lobon
 36437 | Pan      | Got a magical rune of Zot
 36460 | Pan      | Noticed Geith the pandemonium lord
 36486 | Pan      | Killed Geith the pandemonium lord
 36510 | Pan      | Noticed Odweonir the pandemonium lord
 36513 | Pan      | Killed Odweonir the pandemonium lord
 36566 | Pan      | Found an exit through the horrors of the Abyss.
 36579 | Pan      | Took an exit into the Abyss.
 36579 | Abyss:1  | Escaped into the Abyss
 36587 | Abyss:1  | Found a corrupted altar of Lugonu.
 36748 | Abyss:3  | Found a corrupted altar of Lugonu.
 36868 | Abyss:3  | Paralysed by accursed screaming for 1 turns
 36887 | Abyss:3  | Got an abyssal rune of Zot
 36905 | Depths:4 | Escaped the Abyss
 37015 | Geh:1    | Entered Level 1 of Gehenna
 37586 | Geh:7    | Entered Level 7 of Gehenna
 37752 | Geh:7    | Noticed a dread lich
 37759 | Geh:7    | Killed a dread lich
 37966 | Geh:7    | Found the +13 sceptre of Asmodeus
 37966 | Geh:7    | Noticed Asmodeus
 37978 | Geh:7    | Killed Asmodeus
 38023 | Geh:7    | Identified the ring of the Hero {rN+ Dex+5}
 38024 | Geh:7    | Identified the ring "Hero's Friend" {rF+ Str+3 Dex+4
                  | Slay+3}
 38032 | Geh:7    | Got an obsidian rune of Zot
 38241 | Tar:1    | Entered Level 1 of Tartarus
 38698 | Tar:4    | Noticed a dread lich
 38701 | Tar:4    | Killed a dread lich
 38701 | Tar:4    | Noticed a dread lich
 38706 | Tar:4    | Killed a dread lich
 38787 | Tar:6    | Reached skill level 10 in Translocations
 38787 | Tar:6    | Reached skill level 10 in Air Magic
 39013 | Tar:7    | Entered Level 7 of Tartarus
 39055 | Tar:7    | Noticed Ereshkigal
 39080 | Tar:7    | Killed Ereshkigal
 39148 | Tar:7    | Got a bone rune of Zot
 39275 | Hell     | Found a gateway to the freezing wastes of Cocytus.
 39287 | Coc:1    | Entered Level 1 of Cocytus
 39809 | Coc:7    | Entered Level 7 of Cocytus
 39886 | Coc:7    | Noticed the Serpent of Hell
 39889 | Coc:7    | Paralysed by a wendigo for 1 turns
 39895 | Coc:7    | Identified the +2 tower shield of Okawaru's Displeasure
                  | {Dex+3}
 39900 | Coc:7    | Killed the Serpent of Hell
 39945 | Coc:7    | Paralysed by a wendigo for 1 turns
 40042 | Coc:7    | Paralysed by a wendigo for 1 turns
 40072 | Coc:7    | Paralysed by a wendigo for 1 turns
 40141 | Coc:7    | Paralysed by a wendigo for 1 turns
 40152 | Coc:7    | Noticed Antaeus
 40175 | Coc:7    | Killed Antaeus
 40190 | Coc:7    | Got an icy rune of Zot
 40257 | Hell     | Found a gateway to the Iron City of Dis.
 40269 | Dis:1    | Entered Level 1 of the Iron City of Dis
 40516 | Dis:4    | Noticed a juggernaut
 40529 | Dis:4    | Identified the +5 tower shield "Vuhiusch" {rN+ Will+ Dex+4}
 40586 | Dis:4    | Noticed a dread lich
 40594 | Dis:4    | Killed a dread lich
 41247 | Dis:6    | Found a burning altar of Makhleb.
 41407 | Dis:7    | Entered Level 7 of the Iron City of Dis
 42088 | Dis:7    | Noticed a juggernaut
 42108 | Dis:7    | Killed a juggernaut
 42129 | Dis:7    | Noticed Dispater
 42159 | Dis:7    | Killed Dispater
 42168 | Dis:7    | Identified the +8 tower shield of the Curupira {rPois Dex+3
                  | Slay-2}
 42182 | Dis:7    | Identified the +1 glaive of the Grave {freeze, rElec Dex+2}
 42184 | Dis:7    | Got an iron rune of Zot
 42240 | Dis:7    | Noticed a juggernaut
 42394 | Depths:1 | Fell from the grace of the Shining One
 42394 | Depths:1 | Became a worshipper of Fedhas Madash
 42475 | Zot:1    | Entered Level 1 of the Realm of Zot
 42605 | Zot:2    | Reached * piety under Fedhas
 42790 | Zot:5    | Entered Level 5 of the Realm of Zot
 42968 | Zot:5    | Got a prismatic gem with 1044 turns to spare
 42984 | Zot:5    | Reached ** piety under Fedhas
 43047 | Zot:5    | Noticed an orb of fire
 43049 | Zot:5    | Gained mutation: You are weak. (Str -2) [an orb of fire]
 43051 | Zot:5    | Killed an orb of fire
 43056 | Zot:5    | Noticed a dread lich
 43061 | Zot:5    | Killed a dread lich
 43062 | Zot:5    | Noticed an orb of fire
 43066 | Zot:5    | Gained mutation: You are frail. (-10% HP) [an orb of fire]
 43077 | Zot:5    | Killed an orb of fire
 43077 | Zot:5    | Noticed an orb of fire
 43085 | Zot:5    | Killed an orb of fire
 43126 | Zot:5    | Noticed an ancient lich
 43135 | Zot:5    | Killed an ancient lich
 43145 | Zot:5    | Noticed an orb of fire
 43151 | Zot:5    | Killed an orb of fire
 43164 | Zot:5    | Noticed a dread lich
 43167 | Zot:5    | Killed a dread lich
 43281 | Zot:5    | Reached *** piety under Fedhas
 43465 | Zot:5    | Got the Orb of Zot
 43678 | Depths:4 | Noticed Zeitam the pandemonium lord
 43687 | Depths:2 | Found a one-way gateway to a ziggurat.
 43986 | D:7      | Reached **** piety under Fedhas
 44078 | D:$      | Escaped with the Orb!

Illustrated notes

Levels and vault maps discovered:
D:1:      tarquinn_simple_flora_water_b, layout_loops_ring
D:2:      minmay_inner_zag, layout_rooms, uniq_jessica, uniq_terence,
          uniq_crazy_yiuf_cottage
D:3:      layout_basic, kiku_gazebo_garden_becter,
          dreamdust_ecumenical_altar_angels_and_demons, uniq_natasha
D:4:      layout_cave_pools, nicolae_gozag_cash_rules_everything_around_me,
          fiery_altar_vehumet, uniq_pikel, uniq_eustachio
D:5:      black_bear_nest_1, layout_loops_ring, jmf_multi_god_temple2,
          uniq_prince_ribbit1, uniq_ijyb, uniq_menkaure
D:6:      layout_cave_pools, uniq_maggie, uniq_jeremiah, uniq_edmund
D:7:      minmay_clustersquares, layout_basic, nicolae_elyvilon_peaceful_grove,
          temple_fountains, enter_bailey_3
D:8:      layout_basic, grunt_dithmenos_smoke, mainiacjoe_overflow_chevrons,
          grunt_temple_overflow_diamond, due_lair_maze_entry_diamond,
          hangedman_abyss_or_decor_passed, uniq_amaemon
D:9:      cheibrodos_two_vegetables, layout_layer_cave, tso_oasis_becter,
          ebering_ghost_reflecting_pool, grunt_ministairs_11,
          kennysheep_generic_room_7, uniq_erica
D:10:     layout_irregular_city, serial_column_ruins,
          column_ruins_courtyard_long, column_ruins_square_large,
          column_ruins_corridor_corner, column_ruins_open_small,
          column_ruins_corridor_straight, column_ruins_corridor_straight,
          column_ruins_corridor_dead_end, column_ruins_open_tiny,
          column_ruins_grid_3, minivault_19
D:11:     minmay_blocky_corners, layout_gridville, serial_shops,
          nicolae_shop_tiny_statue_garden, enter_trove_2,
          muffindrake_ghost_dual_entry
D:12:     layout_long_grid, erik_orc_4, uniq_josephine, uniq_snorg
D:13:     layout_basic, uniq_erolcha
D:14:     minmay_weird_star, layout_basic, hellmonk_vaults_keyhole, drop_trap
D:15:     grunt_enter_depths_hoard, layout_rooms, nicolae_ru_path_of_blood,
          uniq_agnes
Temple:   cyrus_temple_forest
Lair:1:   layout_chaotic_city
Lair:2:   layout_roguey, minmay_shoals_entry_hut, basic_altar,
          chequers_serial_rivers_room_b, cheibrodos_lair_lostbears,
          grunt_megastairs_2
Lair:3:   layout_roguey, dummy_snake_entry, nzn_ghost_randoct
Lair:4:   layout_cave_pods, grunt_megastairs_5
Lair:5:   evil_forest, layout_gridlike, minmay_slime_entry_pillars,
          grunt_megastairs_4
Shoals:1: layout_shoals, nicolae_shoals_loop_pool
Shoals:2: layout_shoals, lemuel_altar_in_water, nicolae_shoals_water_booths,
          uniq_aizul
Shoals:3: layout_shoals
Shoals:4: shoals_end_simple, layout_shoals, uniq_polyphemus, uniq_donald
Snake:1:  layout_rooms, nicolae_alphabet_shops, serial_bayou_shore_b,
          minmay_shop_grove, serial_bayou_shore_b
Snake:2:  layout_rooms, basic_altar, nicolae_specific_store,
          nicolae_shop_i_like_small_books_too, nicolae_snake_slithery_corners,
          nicolae_zig_zag_zippers, uniq_frances
Snake:3:  layout_basic, nicolae_snake_the_dead_are_slithering, uniq_vashnia
Snake:4:  grunt_snake_rune_serpentine_throne, layout_misc_corridors,
          basic_altar, serial_shops, bzr_entry_customers
Slime:1:  cheibrodos_slime_lost_civilization_3, layout_caves
Slime:2:  layout_caves, basic_altar
Slime:3:  layout_caves
Slime:4:  layout_caves
Slime:5:  slime_pit
Orc:1:    layout_caves, portal_ice_cave_demonic_guard, lightli_orcish_oven,
          uniq_harold, uniq_maurice, uniq_fannar, uniq_sonja
Orc:2:    st_orc_ogre_mass, layout_caves, gauntlet_entry_generic
Elf:1:    nicolae_elf_arrival_no_cutting_in_line, layout_gridlike, serial_shops,
          shop, kennysheep_underground_church
Elf:2:    nicolae_elf_blades_splatter_lattice [nooodl_blade_entry_preview],
          layout_geoelf_octagon, serial_shops, nicolae_shop_tiny_waterfront
Elf:3:    grunt_elf_hall_diamonds, layout_geoelf_grid, serial_shops,
          nicolae_shop_gibbet_a_chance, nicolae_shop_stone, shop
Vaults:1: nicolae_vaults_windows_and_doors_thing, vaults_standard_mumra_lines,
          vaults_room_fancy_cross, vaults_room_stairs_pillars, v_misc_12,
          nicolae_vaults_apartment_2, nicolae_vaults_ellipses_ellipsis,
          st_hourglassy, ontoclasm_vaults_gateway, hangedman_vaults_restitches,
          dpeg_vaults_monster_box, vaults_dpeg_emergency_exit,
          layout_vaults_big_room, serial_shops, shop, shop,
          nicolae_shop_statue_plus, nicolae_diamond_shop
Vaults:2: grunt_vaults_twisty, st_cells, ontoclasm_vaults_spin,
          minmay_crypt_entry_necro_gods, nicolae_vaults_storage_room_glass,
          vaults_mumra_chevron_long, nicolae_vaults_tetromino_Z_2,
          vaults_room_door_ring, nicolae_vaults_house_3, layout_vaults_omnigrid,
          serial_shops, shop, shop, nicolae_shop_getting_attention,
          nicolae_shop_window_shopping, uniq_xtahua, uniq_saint_roka
Vaults:3: v_pattern_5, v_rooms_3, vaults_mumra_hexcomb,
          ontoclasm_vaults_shuriken, nicolae_vaults_little_squares_2,
          nicolae_vaults_rhombus_7, nicolae_vaults_oval_intersection,
          nicolae_vaults_storage_closets_2, nicolae_vaults_border_crossing,
          layout_vaults_maze
Vaults:4: vaults_dpeg_cross, v_alt_pattern_6, ontoclasm_vaults_ring_large,
          vaults_dpeg_encased_lava, v_pattern_4, nicolae_vaults_alarming,
          nicolae_vaults_network_s, ontoclasm_vaults_misaligned,
          nicolae_vaults_rhombus_6, hangedman_vaults_restitches,
          grunt_vaults_focal, nicolae_vaults_sightless_eye, layout_vaults_ring
Vaults:5: serial_shops
Crypt:1:  layout_chaotic_city
Crypt:2:  layout_regular_city, small_statue_intersection,
          hangedman_crypt_dual_shrines
Crypt:3:  church_of_pain_bobbens, layout_chaotic_city, basic_altar
Tomb:1:   uniq_boris
Tomb:2
Tomb:3
Depths:1: layout_gridlike, fedhas_altar_2, grunt_hell_entry_dis_grunt,
          nzn_wu_jian_council_hall
Depths:2: cheibrodos_witchhunters_guild, layout_gridlike, enter_ziggurat_f,
          nicolae_figureground_sparkle, pan_entry, abyss_entry, pf_coc_iceberg,
          kennysheep_okawaru_gauntlet
Depths:3: minmay_sliced_demisemicircle, layout_basic, mu_enter_wizlab_7,
          minmay_holes, serial_shops, shop, grunt_hell_horde, abyss_entry,
          serial_bayou, serial_bayou_shore_b, serial_bayou_pond_a,
          serial_bayou_pond_a, serial_bayou_ford_a, serial_bayou_shore_b
Depths:4: grunt_zot_entry_bicorn, layout_cave_shapes, hell_entry, pan_entry,
          hangedman_abyss_or_decor_lesser_grid,
          nicolae_concentric_dashed_squares_wild,
          serial_library_hellmonk_reading_circle, hallowed_hall, uniq_parghit
Hell
Dis:1:    layout_subdivisions, nicolae_dis_scattering
Dis:2:    layout_regular_city
Dis:3:    nicolae_dis_array, layout_regular_city
Dis:4:    layout_subdivisions, nicolae_dis_step_into_the_octagon
Dis:5:    layout_subdivisions
Dis:6:    kennysheep_iron_temple, layout_gridville
Dis:7:    dis_st
Geh:1:    nicolae_geh_tyrants_menagerie, layout_gehenna_pools_box,
          gehenna_fire_generator
Geh:2:    layout_gehenna_pools_triple
Geh:3:    layout_gehenna_pools_box
Geh:4:    layout_gehenna_pools_triple
Geh:5:    layout_gehenna_pools_triple
Geh:6:    layout_gehenna_pools_basic
Geh:7:    geh_mu
Coc:1:    layout_cocytus_water_paths
Coc:2:    layout_cocytus_water_paths
Coc:3:    layout_cocytus_water_paths
Coc:4:    layout_ice_bergs
Coc:5:    layout_ice_bergs
Coc:6:    nicolae_hells_demon_pit, layout_cocytus_water_paths
Coc:7:    coc_dpeg
Tar:1:    layout_cathedral_of_symmetry, lemuel_nasty_fountain
Tar:2:    layout_grid_maze
Tar:3:    layout_catacombs
Tar:4:    layout_honeycomb
Tar:5:    layout_honeycomb
Tar:6:    layout_catacombs, grunt_tartarus_stairs_gauntlet_trap
Tar:7:    tar_grunt_cathedral
Zot:1:    layout_misc_corridors
Zot:2:    layout_cathedral_of_symmetry, grunt_megastairs_3
Zot:3:    layout_misc_corridors, regret_index_zotdec_gossamer_gf,
          lemuel_lich_library
Zot:4:    hangedman_zot_vaults_quadrants, layout_concentric_octagons,
          ebering_ghost_disaster_area, uniq_josephina
Zot:5:    layout_cathedral_of_symmetry, gammafunk_ghost_necromancy,
          regret_index_zotdec_stipple_waver

Skill      XL: |  1  2  3  4  5  6  7  8  9 10 11 12 13 14 15 16 17 18 19 20 21 22 23 24 25 26 27 |
---------------+----------------------------------------------------------------------------------+-----
Shields        | 3 4 5 6 7 8 9 10 11 12 13 14 15 20 | 20.4
Axes           | 3 4 5 6 8 9 10 11 13 14 15 16 17 18 24 | 24.9
Throwing       | 1 3 5 6 7 8 9 10 11 12 13 14 15 16 17 24 | 24.9
Fighting       | 5 6 7 8 9 10 11 12 13 14 15 16 17 19 21 22 25 | 25.0
Invocations    | 1 4 6 7 8 10 14 20 23 25 | 25.6
Armour         | 1 3 4 5 6 7 8 9 11 12 14 15 16 17 24 | 24.8
Evocations     | 1 3 5 9 12 | 12.0
Spellcasting   | 3 5 6 |  6.0
Fire Magic     | 2 4 6 8 10 | 10.0
Necromancy     | 2 4 6 8 9 |  9.0
Translocations | 2 4 6 8 9 11 | 11.0
Earth Magic    | 2 4 5 6 |  6.0
Air Magic      | 6 11 | 11.0
Alchemy        | 5 |  5.0
Dodging        | |  2.6

Action                     |  1- 3 |  4- 6 |  7- 9 | 10-12 | 13-15 | 16-18 | 19-21 | 22-24 | 25-27 || total
---------------------------+-------+-------+-------+-------+-------+-------+-------+-------+-------++-------
  Melee: War axe           |    79 |   132 |   301 |   418 |   261 |       |   162 |       |       ||  1353
         Headbutt          |    12 |    16 |    51 |    72 |   208 |   272 |   353 |   476 |  1623 ||  3083
         Broad axe         |       |       |       |       |   615 |  1027 |  1046 |  1283 |  4043 ||  8014
         Morningstar       |       |       |       |       |    36 |       |       |       |       ||    36
  Throw: Dart              |     3 |       |     9 |    15 |     5 |    11 |       |       |     4 ||    47
         Javelin           |       |       |     4 |       |       |     6 |    23 |    30 |   171 ||   234
         Large rock        |       |       |       |    10 |       |    16 |     6 |    18 |   128 ||   178
         Boomerang         |       |       |       |       |    12 |    34 |    39 |    11 |   285 ||   381
         Throwing net      |       |       |       |       |       |       |       |       |     2 ||     2
   Cast: Apportation       |       |       |       |       |       |       |     3 |    36 |   170 ||   209
         Fugue of the Fall |       |       |       |       |       |       |       |     3 |     5 ||     8
         Passwall          |       |       |       |       |       |       |       |     7 |    34 ||    41
         Lesser Beckoning  |       |       |       |       |       |       |       |    17 |    38 ||    55
         Volatile Blastmot |       |       |       |       |       |       |       |    10 |    21 ||    31
         Vhi's Electric Ch |       |       |       |       |       |       |       |       |     1 ||     1
 Invoke: Heroism           |       |       |       |     5 |    11 |    19 |    19 |    11 |       ||    65
         Receive Weapon    |       |       |       |       |     1 |       |       |       |       ||     1
         Receive Armour    |       |       |       |       |     1 |       |       |       |       ||     1
         Duel              |       |       |       |       |     1 |     2 |     1 |       |       ||     4
         Finesse           |       |       |       |       |     1 |     1 |     1 |     1 |       ||     4
         Cleansing Flame   |       |       |       |       |       |       |       |    10 |    26 ||    36
         Divine Shield     |       |       |       |       |       |       |       |    13 |    78 ||    91
         Brand Weapon With |       |       |       |       |       |       |       |     1 |       ||     1
         Summon Divine War |       |       |       |       |       |       |       |     1 |    37 ||    38
  Evoke: Wand              |       |       |     2 |    11 |     1 |     5 |     3 |       |    57 ||    79
         Phial of floods   |       |       |       |       |       |     1 |     1 |       |       ||     2
         Tin of tremorston |       |       |       |       |       |       |     2 |       |       ||     2
         Phantom mirror    |       |       |       |       |       |       |       |       |     7 ||     7
         Sack of spiders   |       |       |       |       |       |       |       |       |     5 ||     5
    Use: Scroll            |       |     5 |     7 |    12 |    14 |     6 |    20 |    15 |    57 ||   136
         Potion            |       |       |     2 |     3 |     5 |     2 |     2 |    12 |    62 ||    88
   Stab: Sleeping          |       |     1 |       |       |     4 |     1 |       |       |       ||     6
         Confused          |       |       |       |       |     1 |     5 |     2 |       |       ||     8
         Distracted        |       |       |       |       |     1 |     2 |       |       |       ||     3
         Petrifying        |       |       |       |       |     1 |     2 |       |       |       ||     3
         Paralysed         |       |       |       |       |       |     4 |       |       |       ||     4
         Petrified         |       |       |       |       |       |     2 |       |       |       ||     2
         Invisible         |       |       |       |       |       |       |     4 |       |     2 ||     6
 Armour: Robe              |    57 |   103 |   228 |    41 |    80 |       |       |       |       ||   509
         Steam dragon scal |       |       |       |   231 |       |       |       |       |       ||   231
         Troll leather arm |       |       |       |   122 |   526 |   693 |       |       |       ||  1341
         Pearl dragon scal |       |       |       |       |       |    33 |   683 |       |       ||   716
         Gold dragon scale |       |       |       |       |       |       |   131 |  1296 |  2506 ||  3933
         Skin              |       |       |       |       |       |       |       |   173 |   162 ||   335
  Dodge: Dodged            |    27 |    50 |   109 |   181 |   305 |   308 |   175 |   215 |   405 ||  1775
  Block: Kite shield       |    37 |    56 |   134 |   289 |   599 |   782 |   613 |  1363 |  1988 ||  5861
         Reflection        |       |       |       |       |       |    50 |    56 |    30 |    59 ||   195
         Tower shield      |       |       |       |       |       |       |       |       |  3361 ||  3361

Table legend: (Time is in decaauts)
 A = Elapsed time spent in this place.
 B = Non-inter-level travel time spent in this place.
 C = Inter-level travel time spent in this place.
 D = Time resting spent in this place.
 E = Time spent auto-exploring this place.
 F = Levels seen in this place.
 G = Mean time per level.
                   A        B        C        D        E       F      G
               +--------+--------+--------+--------+--------+-----+--------+
         Total |  42399 |  30335 |  12064 |     22 |    705 | 129 |  328.7 |
       Dungeon |  10303 |   5539 |   4764 |      0 |    697 |  15 |  686.9 |
        Temple |     83 |      2 |     81 |      0 |      0 |   1 |   83.0 |
          Lair |   3044 |   1432 |   1612 |      0 |      0 |   5 |  608.8 |
        Shoals |   1753 |   1263 |    490 |      0 |      0 |   4 |  438.2 |
     Snake Pit |   2542 |   1609 |    933 |      0 |      0 |   4 |  635.5 |
    Slime Pits |    663 |    522 |    141 |      0 |      0 |   5 |  132.6 |
  Orcish Mines |   1404 |    850 |    554 |      0 |      0 |   2 |  702.0 |
   Elven Halls |   2176 |   1423 |    753 |      0 |      0 |   3 |  725.3 |
        Vaults |   3113 |   2231 |    882 |      0 |      0 |   5 |  622.6 |
         Crypt |   1182 |    922 |    260 |      0 |      0 |   3 |  394.0 |
          Tomb |   1590 |   1196 |    394 |      3 |      0 |   3 |  530.0 |
        Depths |   1566 |   1171 |    395 |      2 |      0 |   4 |  391.5 |
          Hell |    384 |    290 |     94 |      0 |      0 |   1 |  384.0 |
           Dis |   1813 |   1633 |    180 |      9 |      0 |   7 |  259.0 |
       Gehenna |   1109 |    872 |    237 |      0 |      0 |   7 |  158.4 |
       Cocytus |    824 |    760 |     64 |      0 |      0 |   7 |  117.7 |
      Tartarus |    951 |    816 |    135 |      2 |      0 |   7 |  135.9 |
           Zot |   1055 |    962 |     93 |      0 |      0 |   5 |  211.0 |
         Abyss |    311 |    311 |      0 |      0 |      0 |   3 |  103.7 |
   Pandemonium |   5137 |   5137 |      0 |      6 |      0 |  28 |  183.5 |
        Bazaar |     38 |     38 |      0 |      0 |      0 |   1 |   38.0 |
         Trove |     18 |     18 |      0 |      0 |      0 |   1 |   18.0 |
        Bailey |    381 |    381 |      0 |      0 |      0 |   1 |  381.0 |
      Ice Cave |    456 |    456 |      0 |      0 |      0 |   1 |  456.0 |
        Wizlab |      3 |      3 |      0 |      0 |      0 |   1 |    3.0 |
      Gauntlet |    374 |    374 |      0 |      0 |      8 |   1 |  374.0 |
         Arena |    112 |    112 |      0 |      0 |      0 |   4 |   28.0 |
               +--------+--------+--------+--------+--------+-----+--------+

Top non-repeatable levels by time:
    D:11: 1427 daAuts
     D:9: 1317 daAuts
Vaults:5: 1280 daAuts
 Snake:4: 1214 daAuts
     D:7: 1061 daAuts
   Elf:3: 1029 daAuts
   Orc:2: 981 daAuts
     D:8: 916 daAuts
  Lair:5: 900 daAuts
   Dis:7: 805 daAuts
    D:12: 767 daAuts
     D:3: 732 daAuts
    D:10: 728 daAuts
 Snake:2: 725 daAuts
Depths:3: 719 daAuts
